 Dungeon Sprint DCSS version 0.24-a0-446-g87df7205b4 (webtiles) character file.

Game seed: 12214495477534174633

47754 Conn the Sorcerer (level 14, -6/71 HPs)
             Began as a Deep Elf Fire Elementalist on June 23, 2019.
             Mangled by a fire giant
             ... wielding a +1 great sword of flaming
              (36 damage)
             ... in the Dungeon (Sprint V: "Ziggurat Sprint") on June 24, 2019.
             The game lasted 00:20:56 (1760 turns).

Conn the Sorcerer (Deep Elf Fire Elementalist)      Turns: 1760, Time: 00:20:58

Health: -6/71      AC:  5    Str:  9    XL:     14   Next: 9%
Magic:  15/46      EV: 22    Int: 35    God:
Gold:   0          SH:  0    Dex: 15    Spells: 14/65 levels left

rFire    + + +     SeeInvis +   x - staff of fire
rCold    + + .     Gourm    .   (no shield)
rNeg     . . .     Faith    .   L - +0 robe {rC+ rF+}
rPois    .         Spirit   .   (no helmet)
rElec    +         Reflect  .   T - +1 cloak of Starlight {rElec rC+ EV+4 Stlth--}
rCorr    .         Harm     .   a - +0 pair of gloves {Str+3}
MR       +....     NoTele   +   (no boots)
Stlth    +++++.....             (no amulet)
HPRegen  0.21/turn              W - ring of Tomorrow {rF+ rC- Int+2 SInv Stlth+}
MPRegen  0.30/turn              l - ring "Ufeowel" {*Drain rC+ Int+8 Slay+3 Stlth+}

@: no status effects
A: no striking features
a: no special abilities


You were in the Dungeon.
You were hungry.

You visited 1 branch

Inventory:

Hand Weapons
 E - the +6 Majin-Bo {vamp, Archmagi MP+6 Int+6}
   (You found it in the Dungeon)

   It inflicts no extra harm, but heals its wielder when it wounds a living foe.
   It affects your intelligence (+6).
   It affects your magic capacity (+6).
 J - the +4 hand axe of Imminent Death {chop, +Rage rElec rF+ Str+2}
   (You found it in the Dungeon)

   It inflicts extra damage upon your enemies.
   It affects your strength (+2).
   It protects you from fire.
   It insulates you from electricity.
   It lets you go berserk.
Armour
 a - a +0 pair of gloves of strength (worn)
 F - the +18 shield of the Gong {rElec rN+ MR+ EV-5}
   (You found it in the Dungeon)

   It affects your evasion (-5).
   It insulates you from electricity.
   It protects you from negative energy.
   It affects your resistance to hostile enchantments.
 L - a +0 robe of resistance (worn)
 M - the +0 pair of fencer's gloves {Riposte Dex+3}
   (You found it in the Dungeon)

   It affects your dexterity (+3).
 O - a +2 leather armour of poison resistance
 R - a scarf of repulsion
 S - a +0 buckler of positive energy
 T - the +1 cloak of Starlight (worn) {rElec rC+ EV+4 Stlth--}
   (You found it in the Dungeon)

   It affects your evasion (+4).
   It protects you from cold.
   It insulates you from electricity.
   It makes you much less stealthy.
 X - a scarf of resistance
Magical Staves
 x - an uncursed staff of fire (weapon)
 Q - an uncursed staff of conjuration
Jewellery
 l - the ring "Ufeowel" (right hand) {*Drain rC+ Int+8 Slay+3 Stlth+}
   (You found it in the Dungeon)

   [ring of slaying]

   It affects your intelligence (+8).
   It affects your accuracy and damage with ranged weapons and melee attacks
   (+3).
   It protects you from cold.
   It causes draining when unequipped.
   It makes you more stealthy.
 u - an uncursed ring of flight
 w - the cursed necklace of Bloodlust {*Rage +Rage MR++ Int-3 Slay+6 *Curse}
   (You found it in the Dungeon)

   [amulet of rage]

   It affects your intelligence (-3).
   It affects your accuracy and damage with ranged weapons and melee attacks
   (+6).
   It affects your resistance to hostile enchantments.
   It lets you go berserk.
   It may make you go berserk in combat.
   It curses itself when equipped.
   It has a curse placed upon it.
 P - an uncursed ring of poison resistance
 U - an uncursed ring of protection from fire
 V - the ring "Houv" {+Blink rN+ Int+3 Stlth+}
   (You found it in the Dungeon)

   [ring of stealth]

   It affects your intelligence (+3).
   It protects you from negative energy.
   It lets you blink.
   It makes you more stealthy.
 W - the ring of Tomorrow (left hand) {rF+ rC- Int+2 SInv Stlth+}
   (You found it in the Dungeon)

   [ring of see invisible]

   It affects your intelligence (+2).
   It protects you from fire.
   It makes you vulnerable to cold.
   It lets you see invisible.
   It makes you more stealthy.
 Y - an uncursed ring of wizardry
 Z - the ring "Qiomedun" {*Slow Int+6 Stlth+}
   (You found it in the Dungeon)

   [ring of stealth]

   It affects your intelligence (+6).
   It may slow you when you take damage.
   It makes you more stealthy.
Wands
 B - a wand of disintegration (7)
 C - a wand of iceblast (4)
 D - a wand of acid (6)
Scrolls
 i - 4 scrolls of blinking
 o - 4 scrolls of amnesia
 p - 8 scrolls of fog
 q - 2 scrolls of holy word
 r - 5 scrolls of identify
 s - 5 scrolls of remove curse
 t - 2 scrolls of fear
 I - a scroll of brand weapon
Potions
 b - 2 potions of brilliance
 d - 11 potions of curing
 e - 11 potions of heal wounds
 f - 14 potions of haste
 g - 7 potions of magic
 h - 3 potions of berserk rage
 j - 2 potions of invisibility
 k - 4 potions of resistance
 m - 6 potions of agility
 n - 5 potions of might
 N - a potion of degeneration {unknown}
Miscellaneous
 H - a fan of gales
Comestibles
 c - 7 rations


   Skills:
 + Level 1.7 Fighting
 + Level 5.2 Staves
 + Level 9.5 Dodging
 + Level 10.5 Stealth
 + Level 26.2 Spellcasting
 + Level 13.1 Conjurations
 * Level 5.5 Summonings
 * Level 9.8 Translocations
 + Level 22.9 Fire Magic
 + Level 4.1 Evocations


You had 14 spell levels left.
You knew the following spells:

 Your Spells              Type           Power        Failure   Level  Hunger
a - Flame Tongue          Conj/Fire      #####        0%          1    None
b - Conjure Flame         Conj/Fire      ########     0%          3    None
c - Sticky Flame          Conj/Fire      ########     0%          4    None
d - Fireball              Conj/Fire      ########..   0%          5    None
e - Bolt of Fire          Conj/Fire      ########..   1%          6    None
f - Ignition              Fire           ########..   1%          8    None
g - Mephitic Cloud        Conj/Pois/Air  ######..     1%          3    None
h - Lightning Bolt        Conj/Air       #######...   1%          5    None
i - Blink                 Tloc           N/A          0%          2    None
j - Controlled Blink      Tloc           N/A          50%         8    None
k - Shadow Creatures      Summ           N/A          8%          6    None

Your spell library contained the following spells:

 Spells                   Type           Power        Failure   Level  Hunger
 Searing Ray              Conj           ######       0%          2    None
 Throw Flame              Conj/Fire      ######       0%          2    None
 Inner Flame              Hex/Fire       ########     0%          3    None
 Confusing Touch          Hex            #####.       1%          1    None
 Sandblast                Erth           #####.       1%          1    None
 Shock                    Conj/Air       ####         1%          1    None
 Corpse Rot               Necr           N/A          1%          2    None
 Ensorcelled Hibernation  Hex/Ice        #####.       1%          2    None
 Passwall                 Tmut/Erth      #####...     1%          2    None
 Shroud of Golubria       Chrm/Tloc      ######       1%          2    None
 Sublimation of Blood     Necr           #####.....   1%          2    None
 Swiftness                Chrm/Air       #####...     1%          2    None
 Gell's Gravitas          Tloc           #######...   1%          3    None
 Ignite Poison            Fire/Tmut/Pois #######.     1%          3    None
 Lesser Beckoning         Tloc           #######...   1%          3    None
 Recall                   Summ/Tloc      N/A          1%          3    None
 Static Discharge         Conj/Air       #######.     1%          3    None
 Stone Arrow              Conj/Erth      ######       1%          3    None
 Teleport Other           Tloc           #######.     1%          3    None
 Passage of Golubria      Tloc           N/A          1%          4    None
 Bolt of Draining         Conj/Necr      #######...   1%          5    None
 Summon Forest            Summ/Tloc      #######...   1%          5    None
 Ring of Flames           Chrm/Fire      ########..   3%          7    None
 Airstrike                Air            #####.....   4%          4    None
 Petrify                  Tmut/Erth      #####...     4%          4    None
 Agony                    Necr           #####...     13%         5    None
 Borgnjor's Vile Clutch   Necr/Erth      #####.....   13%         5    None
 Dispel Undead            Necr           #####...     13%         5    None
 Excruciating Wounds      Chrm/Necr      #####.....   13%         5    None
 Lee's Rapid Deconstruct  Erth           #####.....   13%         5    None
 Silence                  Hex/Air        #####.....   13%         5    None
 Yara's Violent Unravell  Hex/Tmut       #####.....   13%         5    None
 Darkness                 Hex            #####.....   58%         6    None
 Invisibility             Hex            #####...     58%         6    None
 Discord                  Hex            #####.....   100%        8    None
 Shatter                  Erth           #####.....   100%        9    ###....
 Tornado                  Air            #####.....   100%        9    ###....


Dungeon Overview and Level Annotations

Branches:
Dungeon (1/1)

Altars:
Ashenzari
Cheibriados
Dithmenos
Elyvilon
Fedhas
Gozag
Hepliaklqana
Kikubaaqudgha
Makhleb
Nemelex Xobeh
Okawaru
Qazlal
Ru
Sif Muna
Trog
Uskayaw
Vehumet
Wu Jian
Xom
Yredelemnul
Zin
The Shining One
Beogh
Jiyva
Lugonu


Message History

The fire giant casts a spell at you.
The fireball explodes!
The fireball engulfs you! You resist.
The fireball engulfs the fire giant!
The fire giant resists.
The fire giant casts a spell at you.
The fireball explodes!
The fireball engulfs you. You resist.
The fireball engulfs the fire giant!
The fire giant resists.
Unknown command.
Unknown command.
Casting: Lightning Bolt (safe; 1% risk of failure)
Confirm with . or Enter, or press ? or * to list all spells.
Aiming: Lightning Bolt (safe; 1% risk of failure)
Press: ? - help, Shift-Dir - straight line You hear a mighty clap of thunder!
The bolt of lightning hits the fire giant!
The fire giant is severely wounded.
The bolt of lightning hits the fire giant!!
The fire giant is moderately wounded.
The fire giant hits you with a +1 great sword of flaming!!!
Ouch! That really hurt!
You die...

▓..):(})[())..▓....
▓..::)=()())..▓....
▓...()........▓....
▓.............▓....
▓.............▓..▓.
▓.............▓.▓▓▓
▓.............▓..▓.
▓.............▓....
▓.@▓...(...▓..▓▓▓▓▓
▓.CCC.........▓....
▓.............▓..)=
▓......©......▓....
▓▓▓▓▓▓▓▓▓▓▓▓▓▓▓....
▓.... ▓.... ▓....
▓..▓.


You could see 3 fire giants.

Vanquished Creatures
  3 shadow dragons (D)
  2 acid blobs (D)
  A frost giant (D)
  An orc warlord (D)
  2 stone giants (D)
  2 death oozes (D)
  2 great orbs of eyes (D)
  An ice dragon (D)
  2 naga warriors (D)
  4 two-headed ogres (D)
  2 soul eaters (D)
  2 spriggans (D)
  A sixfirhy (D)
  2 orc knights (D)
  An orc sorcerer (D)
  A shining eye (D)
  4 cyclopes (D)
  A moth of wrath (D)
  3 black mambas (D)
  A guardian serpent (D)
  2 naga magi (D)
  An eye of devastation (D)
  An ice devil (D)
  3 trolls (D)
  2 polar bears (D)
  4 merfolk (D)
  A hornet (D)
  3 blink frogs (D)
  4 slime creatures (D)
  Sigmund (D)
  3 shadows (D)
  2 flying skulls (D)
  A chaos spawn (D)
  A naga (D)
  2 water moccasins (D)
  A floating eye (D)
  A porcupine (D)
  5 orc warriors (D)
  3 phantoms (D)
  A black bear (D)
  An ice beast (D)
  5 necrophages (D)
  3 wolves (D)
  5 ogres (D)
  A crocodile (D)
  Blork the orc (D)
  4 bullfrogs (D)
  2 wights (D)
  2 crimson imps (D)
  A quasit (D)
  An orc priest (D)
  A jelly (D)
  Crazy Yiuf (D)
  Jessica (D)
  3 orc wizards (D)
  8 adders (D)
  A shadow imp (D)
  A white imp (D)
  An ooze (D)
  2 adder skeletons (D)
  An adder simulacrum (D)
  4 orcs (D)
  2 bat skeletons (D)
  A bat zombie (D)
  4 ball pythons (D)
  A jackal simulacrum (D)
  2 jackal skeletons (D)
  A leopard gecko skeleton (D)
  A leopard gecko zombie (D)
  2 spectral giant cockroaches (D)
  A spectral leopard gecko (D)
145 creatures vanquished.

Notes
Turn   | Place    | Note
-------+----------+-------------------------------------------
     0 | D        | Found the +6 Majin-Bo {vamp, Archmagi MP+6 Int+6}
     0 | D        | Found the +7 great mace "Firestarter" {inner flame, rF++}
     0 | D        | Conn the Deep Elf Fire Elementalist began the quest for the
                  | Orb.
     0 | D        | Reached XP level 1. HP: 10/10 MP: 6/6
     0 | D        | Found a deep blue altar of Sif Muna.
     0 | D        | Found a sacrificial altar of Ru.
     0 | D        | Found a bloodstained altar of Trog.
     0 | D        | Found a stormy altar of Qazlal.
     0 | D        | Found an iron altar of Okawaru.
     0 | D        | Found a sparkling altar of Nemelex Xobeh.
     0 | D        | Found a blossoming altar of Fedhas.
     2 | D        | Found a transporter.
     2 | D        | Found an ancient bone altar of Kikubaaqudgha.
     2 | D        | Found a viscous altar of Jiyva.
     2 | D        | Found a corrupted altar of Lugonu.
     2 | D        | Found a hazy altar of Hepliaklqana.
     2 | D        | Found a burning altar of Makhleb.
     2 | D        | Found an opulent altar of Gozag.
    19 | D        | Found the +9 heavy crossbow "Sniper" {velocity, Acc+∞ SInv}
    19 | D        | Found the +10 dark maul {crush}
    19 | D        | Found the +15 Maxwell's patent armour {-Cast -Tele rElec
                  | MR+ rCorr}
    19 | D        | Found the +18 shield of the Gong {rElec rN+ MR+ EV-5}
    19 | D        | Found the cursed +14 obsidian axe {chop, +Fly SInv *Curse}
    21 | D        | Found the +6 shillelagh "Devastator" {shatter}
    21 | D        | Found the +11 plutonium sword {*Contam Stlth-}
    21 | D        | Found the +8 lance "Wyrmbane" {slay drac, rPois rF+ rC+
                  | AC+3}
    21 | D        | Found the +9 sword of Zonguldrok {reap}
    21 | D        | Found the cursed +13 scythe of Curses {drain, *Curse}
    21 | D        | Found the +0 sword of Power
    21 | D        | Found the +7 mace of Variability {chain chaos}
    21 | D        | Found the +7 Singing Sword {slice, sonic wave}
    21 | D        | Found the +8 storm bow {elec, penet}
    74 | D        | Entered arena 2.
    74 | D        | Noticed an orc wizard
    74 | D        | Found a transporter.
    76 | D        | Killed an orc wizard
    76 | D        | Reached skill level 4 in Spellcasting
    76 | D        | Reached skill level 5 in Fire Magic
    76 | D        | Reached XP level 2. HP: 15/15 MP: 9/9
    99 | D        | Entered arena 3.
    99 | D        | Noticed a necrophage
    99 | D        | Noticed a phantom
    99 | D        | Noticed a necrophage
    99 | D        | Found a transporter.
   102 | D        | Killed a necrophage
   102 | D        | Reached skill level 6 in Spellcasting
   102 | D        | Reached XP level 3. HP: 18/19 MP: 12/12
   102 | D        | Reached XP level 4. HP: 23/24 MP: 14/14
   104 | D        | Killed a necrophage
   104 | D        | Reached skill level 5 in Dodging
   104 | D        | Reached skill level 5 in Stealth
   104 | D        | Reached skill level 7 in Spellcasting
   104 | D        | Reached skill level 1 in Evocations
   104 | D        | Reached XP level 5. HP: 27/28 MP: 15/16
   111 | D        | Killed a phantom
   111 | D        | Reached skill level 8 in Spellcasting
   111 | D        | Reached skill level 10 in Fire Magic
   111 | D        | Reached XP level 6. HP: 25/32 MP: 10/19
   195 | D        | Learned a level 3 spell: Conjure Flame
   200 | D        | Learned a level 4 spell: Sticky Flame
   206 | D        | Learned a level 5 spell: Fireball
   207 | D        | Entered arena 4.
   207 | D        | Noticed a merfolk
   207 | D        | Noticed a merfolk
   207 | D        | Noticed a merfolk
   207 | D        | Noticed a merfolk
   207 | D        | Found a transporter.
   210 | D        | Killed a merfolk
   210 | D        | Reached skill level 9 in Spellcasting
   211 | D        | Killed a merfolk
   211 | D        | Reached skill level 10 in Spellcasting
   211 | D        | Reached XP level 7. HP: 25/36 MP: 5/23
   211 | D        | Killed a merfolk
   211 | D        | Reached skill level 11 in Spellcasting
   211 | D        | Reached skill level 5 in Conjurations
   211 | D        | Killed a merfolk
   211 | D        | Reached skill level 12 in Spellcasting
   211 | D        | Reached XP level 8. HP: 28/41 MP: 5/26
   238 | D        | Learned a level 6 spell: Bolt of Fire
   247 | D        | Learned a level 8 spell: Ignition
   349 | D        | Got the +4 hand axe of Imminent Death {chop, +Rage rElec
                  | rF+ Str+2}
   353 | D        | Entered arena 5.
   353 | D        | Noticed Sigmund
   353 | D        | Noticed Jessica
   353 | D        | Noticed Blork the orc
   353 | D        | Noticed Crazy Yiuf
   353 | D        | Found a transporter.
   354 | D        | Found the +0 pair of fencer's gloves {Riposte Dex+3}
   354 | D        | Killed Crazy Yiuf
   354 | D        | Killed Jessica
   355 | D        | Killed Blork the orc
   356 | D        | Killed Sigmund
   369 | D        | Got Qoolerud's Grimoire of Hurtful Hexes
   494 | D        | Entered arena 6.
   494 | D        | Noticed a polar bear
   494 | D        | Noticed a polar bear
   494 | D        | Found a transporter.
   496 | D        | Killed a polar bear
   496 | D        | Reached skill level 13 in Spellcasting
   497 | D        | Killed a polar bear
   616 | D        | Entered arena 7.
   616 | D        | Noticed a spriggan rider
   617 | D        | Identified the +4 flail of Disarray {crush, +Inv Stlth+}
   617 | D        | Reached XP level 9. HP: 45/45 MP: 28/28
   619 | D        | Killed a spriggan rider
   619 | D        | Reached skill level 14 in Spellcasting
   619 | D        | Reached skill level 15 in Fire Magic
   620 | D        | Found a transporter.
   646 | D        | Got Sif Muna's Grimoire of Feathers and Transmutation
   651 | D        | Learned a level 3 spell: Mephitic Cloud
   716 | D        | Entered arena 8.
   717 | D        | Found a transporter.
   770 | D        | Entered arena 9.
   770 | D        | Noticed a sixfirhy
   771 | D        | Reached skill level 15 in Spellcasting
   771 | D        | Killed a sixfirhy
   771 | D        | Reached XP level 10. HP: 50/50 MP: 27/31
   772 | D        | Found a transporter.
   848 | D        | Entered arena 10.
   848 | D        | Noticed a black mamba
   848 | D        | Noticed a black mamba
   848 | D        | Noticed a black mamba
   849 | D        | Killed a black mamba
   849 | D        | Reached skill level 1 in Staves
   849 | D        | Reached skill level 16 in Spellcasting
   849 | D        | Killed a black mamba
   849 | D        | Killed a black mamba
   850 | D        | Found a transporter.
   871 | D        | Got the Disquisition on the Torrid Escort
   896 | D        | Entered arena 11.
   897 | D        | Found the +1 cloak of Starlight {rElec rC+ EV+4 Stlth--}
   897 | D        | Found a transporter.
   910 | D        | Got Lukhot's Handbook of the Mountains and Execration
   936 | D        | Entered arena 12.
   936 | D        | Noticed a shadow dragon
   936 | D        | Noticed a soul eater
   937 | D        | Noticed a shadow dragon
   937 | D        | Noticed a shadow dragon
   937 | D        | Noticed a soul eater
   938 | D        | Killed a soul eater
   938 | D        | Reached skill level 17 in Spellcasting
   939 | D        | Killed a soul eater
   939 | D        | Reached skill level 10 in Conjurations
   940 | D        | Killed a shadow dragon
   940 | D        | Reached skill level 18 in Spellcasting
   940 | D        | Reached XP level 11. HP: 25/55 MP: 11/35
   941 | D        | Killed a shadow dragon
   941 | D        | Reached skill level 1 in Fighting
   941 | D        | Reached skill level 19 in Spellcasting
   941 | D        | Killed a shadow dragon
   942 | D        | Found a transporter.
  1185 | D        | Learned a level 5 spell: Lightning Bolt
  1191 | D        | Entered arena 13.
  1192 | D        | Found the +5 demon whip "Spellbinder" {antimagic, MR+}
  1193 | D        | Reached skill level 20 in Spellcasting
  1194 | D        | Found a transporter.
  1214 | D        | Got the ring "Houv" {+Blink rN+ Int+3 Stlth+}
  1218 | D        | Got the ring of Tomorrow {rF+ rC- Int+2 SInv Stlth+}
  1272 | D        | Entered arena 14.
  1274 | D        | Noticed an ice dragon
  1276 | D        | Killed an ice dragon
  1276 | D        | Reached skill level 5 in Staves
  1281 | D        | Found a transporter.
  1296 | D        | Learned a level 2 spell: Blink
  1302 | D        | Got the Guide on Ashen Orientation
  1392 | D        | Entered arena 15.
  1394 | D        | Noticed a naga warrior
  1394 | D        | Identified the +9 long sword "Pitel" {protect, rElec Str+4}
  1394 | D        | Noticed a naga warrior
  1394 | D        | Identified the cursed +2 scimitar "Piudyfro" {vamp, *Contam
                  | rPois Int+3 SInv}
  1395 | D        | Reached skill level 1 in Translocations
  1397 | D        | Found a transporter.
  1398 | D        | Killed a naga warrior
  1398 | D        | Reached skill level 21 in Spellcasting
  1398 | D        | Reached XP level 12. HP: 57/62 MP: 14/39
  1399 | D        | Killed a naga warrior
  1405 | D        | Got the ring "Qiomedun" {*Slow Int+6 Stlth+}
  1426 | D        | Reached skill level 5 in Translocations
  1426 | D        | Reached XP level 13. HP: 59/66 MP: 19/40
  1502 | D        | Entered arena 16.
  1504 | D        | Noticed an orc warlord
  1505 | D        | Found a transporter.
  1506 | D        | Reached skill level 22 in Spellcasting
  1507 | D        | Killed an orc warlord
  1602 | D        | Entered arena 17.
  1605 | D        | Noticed an acid blob
  1605 | D        | Noticed a death ooze
  1605 | D        | Noticed a death ooze
  1606 | D        | Found the cursed necklace of Bloodlust {*Rage +Rage MR++
                  | Int-3 Slay+6 *Curse}
  1606 | D        | Noticed an acid blob
  1607 | D        | Found a transporter.
  1609 | D        | Killed a death ooze
  1609 | D        | Reached skill level 23 in Spellcasting
  1609 | D        | Killed a death ooze
  1609 | D        | Reached skill level 24 in Spellcasting
  1611 | D        | Killed an acid blob
  1612 | D        | Killed an acid blob
  1612 | D        | Reached skill level 25 in Spellcasting
  1618 | D        | Got the ring "Ufeowel" {*Drain rC+ Int+8 Slay+3 Stlth+}
  1733 | D        | Learned a level 8 spell: Controlled Blink
  1740 | D        | Learned a level 6 spell: Shadow Creatures
  1744 | D        | Entered arena 18.
  1747 | D        | Noticed a stone giant
  1747 | D        | Noticed a fire giant
  1747 | D        | Noticed a stone giant
  1747 | D        | Noticed a fire giant
  1748 | D        | Noticed a fire giant
  1748 | D        | Noticed a frost giant
  1749 | D        | Found the +3 sling "Punk" {acid, rCorr}
  1749 | D        | Reached skill level 1 in Summonings
  1749 | D        | Reached skill level 10 in Stealth
  1749 | D        | Killed a stone giant
  1749 | D        | Killed a stone giant
  1749 | D        | Reached XP level 14. HP: 59/71 MP: 36/45
  1749 | D        | Killed a frost giant
  1749 | D        | Reached skill level 26 in Spellcasting
  1749 | D        | Reached skill level 5 in Summonings
  1760 | D        | Mangled by a fire giant

Levels and vault maps discovered:
D:        sprint_v [room_start, room_1, room_2, room_3, room_4, room_5, room_6,
          room_7, room_8, room_9, room_10, room_11, room_12, room_13, room_14,
          room_15, room_16, room_17, room_18, room_19, room_20, room_21,
          room_22, room_23, room_24, room_25, room_26, room_27]

Skill      XL: |  1  2  3  4  5  6  7  8  9 10 11 12 13 14 |
---------------+-------------------------------------------+-----
Dodging        | 3 4 5 6 7 8 9 |  9.5
Stealth        | 3 4 5 6 7 8 9 10 | 10.5
Spellcasting   | 4 6 7 8 10 12 13 15 18 21 25 26 | 26.2
Fire Magic     | 5 8 9 10 12 14 16 18 20 22 | 22.9
Evocations     | 1 2 3 4 |  4.1
Conjurations   | 2 4 6 7 8 10 11 13 | 13.1
Staves         | 3 5 |  5.2
Fighting       | 1 |  1.7
Translocations | 2 5 9 |  9.8
Summonings     | 4 5 |  5.5

Action                   |  1- 3 |  4- 6 |  7- 9 | 10-12 | 13-15 || total
-------------------------+-------+-------+-------+-------+-------++-------
Melee: Quarterstaff      |       |       |       |    11 |       ||    11
 Cast: Flame Tongue      |     2 |     7 |       |     6 |     1 ||    16
       Fireball          |       |     2 |     9 |     3 |     2 ||    16
       Bolt of Fire      |       |       |     1 |       |       ||     1
       Ignition          |       |       |     1 |    12 |     5 ||    18
       Sticky Flame      |       |       |       |       |     1 ||     1
       Lightning Bolt    |       |       |       |       |     2 ||     2
       Shadow Creatures  |       |       |       |       |     1 ||     1
Evoke: Wand              |     2 |     2 |       |       |       ||     4
  Use: Potion            |       |       |       |     1 |       ||     1
  Eat: Chunk             |       |       |       |     3 |     2 ||     5
Armor: Robe              |       |       |       |     2 |       ||     2
Dodge: Dodged            |       |     6 |     1 |    13 |     3 ||    23
       Rpst.: Quarterstaff |       |       |       |     3 |       ||     3

Table legend:
 A = Non-vault XP
 B = Vault XP
 C = Vault XP percentage of total XP
 D = Non-vault monster count
 E = Vault monster count
 F = Vault count percentage of total count
                 A         B        C        D         E       F
            +---------+---------+-------+---------+---------+-------
      Total |     265 |   50646 |  99.5 |       1 |     144 |  99.3
            +---------+---------+-------+---------+---------+-------
          D |     265 |   50646 |  99.5 |       1 |     144 |  99.3
            +---------+---------+-------+---------+---------+-------
